General information
- name: WwK_JoK P:| L:7
- type: Custom game
- host: WwK_JoK
- saver: SparlScaR
map: TurtleRock
- players: 4
- length: 23:15
- speed: Fast
- version: 1.22 W3XP
- replay type: Public
» download(238 KB)
Players
team 1 (loser)
WwK_JoK (
pink | 135 APM | 3143 actions | 23:13)
4 Demon Hunter
2 Mana Burn
2 Evasion
3 Naga Sea Witch
2 Frost Arrows
1 Forked Lightning
» actions
| Assign group hotkey | 60 | |
| Basic commands | 16 | |
| Build / train | 57 | |
| Enter build submenu | 11 | |
| Enter hero's abilities submenu | 7 | |
| Give item / drop item | 1 | |
| Remove unit from queue | 5 | |
| Right click | 1615 | |
| Select / deselect | 564 | |
| Select group hotkey | 732 | |
| Use ability | 75 | |
3143 total
» units
| Wisp | 11 | |
| Huntress | 3 | |
| Dryad | 7 | |
| Druid of the Claw | 14 | |
35 total
» upgrades
| Abolish Magic | 1 | |
| Druid of the Claw Training | 2 | |
3 total
» buildings
| Altar of Elders | 1 | |
| Moon Well | 5 | |
| Hunter's Hall | 1 | |
| Ancient of War | 1 | |
| Tree of Ages | 1 | |
| Ancient of Lore | 2 | |
| Tree of Eternity | 1 | |
12 total
» build order
00:08 Altar of Elders
00:18 Moon Well
01:36 Hunter's Hall
01:54 Ancient of War
02:17 Moon Well
02:58 Moon Well
03:24 Tree of Ages
04:29 Moon Well
06:03 Ancient of Lore
06:04 Ancient of Lore
06:50 Tree of Eternity
09:43 Moon Well
» items
| Boots of Speed | 1 | |
| Staff of Teleportation | 1 | |
| Potion of Lesser Invulnerability | 1 | |
3 total
M_Kazuya (
light-blue | 98 APM | 2273 actions | 23:10)
3 Blademaster
2 Wind Walk
1 Critical Strike
5 Shadow Hunter
2 Hex
3 Healing Wave
» actions
| Assign group hotkey | 51 | |
| Basic commands | 137 | |
| Build / train | 80 | |
| ESC pressed | 2 | |
| Enter build submenu | 11 | |
| Enter hero's abilities submenu | 8 | |
| Give item / drop item | 3 | |
| Right click | 1069 | |
| Select / deselect | 357 | |
| Select group hotkey | 422 | |
| Use ability | 133 | |
2273 total
» units
| Peon | 8 | |
| Grunt | 16 | |
| Raider | 12 | |
| Spirit Walker | 7 | |
43 total
» upgrades
| Berserker Strength | 1 | |
| Ensnare | 1 | |
| Pillage | 1 | |
| Armor | 2 | |
| Spirit Walker Training | 1 | |
| Melee Weapons | 1 | |
7 total
» buildings
| Altar of Storms | 1 | |
| Orc Burrow | 5 | |
| Barracks | 1 | |
| Voodoo Lounge | 1 | |
| Stronghold | 3 | |
| War Mill | 1 | |
| Beastiary | 1 | |
| Spirit Lodge | 1 | |
14 total
» build order
00:06 Altar of Storms
00:18 Orc Burrow
00:37 Barracks
01:26 Orc Burrow
01:59 Voodoo Lounge
02:41 Stronghold
02:41 Stronghold
02:41 Stronghold
04:12 Orc Burrow
04:15 War Mill
06:15 Beastiary
08:11 Spirit Lodge
09:18 Orc Burrow
20:39 Orc Burrow
» items
| Healing Salve | 6 | |
| Scroll of Speed | 2 | |
| Lesser Clarity Potion | 4 | |
| Boots of Speed | 1 | |
| Circlet of Nobility | 1 | |
| Potion of Healing | 1 | |
| Scroll of Town Portal | 1 | |
16 total
team 2 (winner)
WwK.MescaL (
orange | 139 APM | 3219 actions | 23:13)
6 Mountain King
3 Storm Bolt
2 Bash
1 Avatar
5 Archmage
3 Summon Water Elemental
1 Brilliance Aura
1 Blizzard
» actions
| Assign group hotkey | 62 | |
| Basic commands | 48 | |
| Build / train | 79 | |
| ESC pressed | 7 | |
| Enter build submenu | 21 | |
| Enter hero's abilities submenu | 11 | |
| Give item / drop item | 6 | |
| Right click | 1703 | |
| Select / deselect | 565 | |
| Select group hotkey | 592 | |
| Use ability | 125 | |
3219 total
» units
| Peasant | 10 | |
| Footman | 12 | |
| Priest | 5 | |
| Spell Breaker | 2 | |
| Rifleman | 1 | |
| Sorceress | 2 | |
| Knight | 6 | |
| Mortar Team | 2 | |
40 total
» upgrades
| Defend | 1 | |
| Sorceress Training | 1 | |
| Animal War Training | 1 | |
| Fragmentation Shards | 1 | |
| Swords | 1 | |
| Gunpowder | 1 | |
6 total
» buildings
| Altar of Kings | 1 | |
| Farm | 8 | |
| Barracks | 1 | |
| Scout Tower | 3 | |
| Arcane Tower | 1 | |
| Arcane Vault | 1 | |
| Lumber Mill | 1 | |
| Keep | 1 | |
| Guard Tower | 2 | |
| Blacksmith | 1 | |
| Arcane Sanctum | 2 | |
| Castle | 1 | |
| Workshop | 1 | |
24 total
» build order
00:09 Altar of Kings
00:15 Farm
00:17 Barracks
00:49 Farm
01:37 Farm
01:40 Farm
02:07 Scout Tower
02:45 Arcane Tower
03:00 Arcane Vault
03:22 Lumber Mill
04:03 Keep
04:13 Scout Tower
04:28 Farm
04:31 Farm
04:48 Guard Tower
04:52 Blacksmith
07:07 Arcane Sanctum
07:10 Arcane Sanctum
09:14 Farm
09:16 Farm
09:57 Castle
14:03 Workshop
14:34 Scout Tower
17:34 Guard Tower
» items
| Scroll of Regeneration | 3 | |
| Lesser Clarity Potion | 2 | |
| Scroll of Town Portal | 3 | |
| Potion of Healing | 2 | |
| Potion of Lesser Invulnerability | 2 | |
| Scroll of Healing | 1 | |
| Potion of Mana | 1 | |
14 total
SparlScaR (
blue | 217 APM | 5052 actions | 23:15)
4 Demon Hunter
2 Mana Burn
2 Evasion
3 Naga Sea Witch
2 Forked Lightning
1 Frost Arrows
3 Goblin Alchemist
1 Healing Spray
1 Acid Bomb
1 Chemical Rage
» actions
| Assign group hotkey | 123 | |
| Basic commands | 7 | |
| Build / train | 75 | |
| ESC pressed | 11 | |
| Enter build submenu | 16 | |
| Enter hero's abilities submenu | 10 | |
| Give item / drop item | 2 | |
| Right click | 3077 | |
| Select / deselect | 490 | |
| Select group hotkey | 1141 | |
| Use ability | 100 | |
5052 total
» units
| Wisp | 11 | |
| Huntress | 8 | |
| Dryad | 18 | |
| Druid of the Talon | 8 | |
| Archer | 5 | |
| Glaive Thrower | 1 | |
51 total
» upgrades
» buildings
| Altar of Elders | 2 | |
| Moon Well | 5 | |
| Ancient of War | 1 | |
| Hunter's Hall | 1 | |
| Tree of Ages | 2 | |
| Ancient Protector | 2 | |
| Ancient of Wonders | 1 | |
| Ancient of Lore | 2 | |
| Ancient of Wind | 2 | |
| Tree of Eternity | 2 | |
20 total
» build order
00:02 Altar of Elders
00:04 Altar of Elders
00:20 Moon Well
01:35 Ancient of War
01:37 Hunter's Hall
01:51 Moon Well
02:52 Tree of Ages
02:52 Tree of Ages
04:05 Moon Well
04:08 Ancient Protector
04:38 Ancient of Wonders
07:02 Ancient of Lore
07:03 Ancient of Lore
09:02 Ancient of Wind
09:33 Moon Well
10:34 Tree of Eternity
10:34 Tree of Eternity
10:36 Moon Well
11:21 Ancient Protector
12:19 Ancient of Wind
» items
| Potion of Healing | 1 | |
| Scroll of Healing | 1 | |
| Scroll of Town Portal | 1 | |
| Orb of Venom | 1 | |
4 total
Chat log
(05:18 / Allies) WwK.MescaL: q?
(05:27 / Allies) WwK.MescaL: mana burn
(06:44 / All) WwK_JoK: deu mole mano
(06:57 / Allies) SparlScaR: matei obm
(07:19 / Allies) SparlScaR: volta
(07:23 / Allies) WwK.MescaL: n porra
(08:14 / Allies) WwK.MescaL: g
(09:43 / Allies) WwK.MescaL: g
(10:26 / Allies) WwK.MescaL: go
(11:17 / Allies) WwK.MescaL: tua abse
(11:34 / Allies) WwK.MescaL: destranca
(13:20 / Allies) WwK.MescaL: heal
(13:22 / Allies) WwK.MescaL: e go ?
(13:35 / Allies) SparlScaR: lumber
(13:53 / Allies) WwK.MescaL: pera
(13:54 / Allies) WwK.MescaL: pega inv
(14:55 / Allies) WwK.MescaL: e essas dryad?
(16:22 / All) WwK_JoK: ยด~/
(16:27 / Allies) WwK.MescaL: b
(16:27 / Allies) WwK.MescaL: b
(16:28 / Allies) WwK.MescaL: b
(17:07 / Allies) WwK.MescaL: b
(17:20 / Allies) SparlScaR: volta
(17:45 / Allies) SparlScaR: vem
(17:49 / Allies) WwK.MescaL: pera
(17:50 / Allies) WwK.MescaL: heal
(18:26 / Allies) WwK.MescaL: meeerda
(18:58 / Allies) WwK.MescaL: vai vai
(20:25 / Allies) WwK.MescaL: heal
(20:26 / Allies) WwK.MescaL: e go!
(20:51 / Allies) WwK.MescaL: gogo?
(21:02 / Allies) SparlScaR: g
(21:41 / Allies) WwK.MescaL: sem mina =/
(23:06 / All) WwK_JoK: gg
(23:06 / Allies) WwK.MescaL: grana